[Event "Late-Titled-Tuesday-Blitz-January-16-2024"]
[Site "Chess.com"]
[Date "2024.01.16"]
[Round "11"]
[White "Jospem"]
[Black "BardArtem"]
[Result "1-0"]
[WhiteElo "3086"]
[BlackElo "2813"]
[TimeControl "180+1"]
[EndTime "16:06:55 PST"]
[Termination "Jospem won by resignation"]

1. e4 c6 2. d4 d5 3. e5 Bf5 4. h4 h5 5. Bd3 Bxd3 6. Qxd3 Qa5+ 7. b4 Qa6 8. e6 Qxd3 9. cxd3 Nf6 10. Nd2 fxe6 11.
Ndf3 Nbd7 12. Nh3 e5 13. dxe5 Ng4 14. d4 e6 15. Nf4 Bxb4+ 16. Ke2 O-O 17. Rb1 c5 18.
Nxe6 Rfc8 19. a3 cxd4 20. axb4 d3+ 21. Ke1 Rc2 22. Ned4 Rxf2 23. e6 Ndf6 24. Bf4 Ne4 25. Rb3 Rc8 26. Rxd3 Rxg2 27. Rg1 Ra2 28. Nb3 Rcc2 29.
Nfd2 Nxd2 30. Bxd2 Rab2 31. Rgg3 Nf6 32. Nd4 Rc4 33. Nf5 Rg4 34. Rxg4 hxg4 35. Bc3 Rh2 36. Bxf6 gxf6 37. e7 Kf7 38. Re3 Rh1+ 39. Kd2 Rh3 40. Kd3 Rxe3+ 41. Kxe3 b6 42. h5 a5 43. h6 1-0

[Event "Late-Titled-Tuesday-Blitz-January-16-2024"]
[Site "Chess.com"]
[Date "2024.01.16"]
[Round "11"]
[White "jmpion"]
[Black "aceontheturn"]
[Result "0-1"]
[WhiteElo "2544"]
[BlackElo "2751"]
[TimeControl "180+1"]
[EndTime "16:06:56 PST"]
[Termination "aceontheturn won by checkmate"]

1. e4 e5 2. Nf3 Nc6 3. Bb5 a6 4. Ba4 d6 5. c3 Bd7 6. O-O Nf6 7. d3 g6 8. Nbd2 Bg7 9. Re1 O-O 10. Nf1 Qe8 11. Bc2 Nh5 12. d4 Kh8 13. d5 Ne7 14. c4 f5 15. exf5 gxf5 16. c5 Rg8 17. Ng3 Nxg3 18.
hxg3 Ng6 19. Ng5 h6 20. Qh5 e4 21. g4 Ne5 22. Qh4 Nxg4 23. Kh1 Qg6 24. f3 Bf6 25. f4 Kg7 26. Re2 hxg5 27. Qg3 Rh8+ 28. Kg1 Bd4+ 29. Be3 Nxe3 30. Rxe3 gxf4 31. Qxf4 Qh6 32. Qxh6+ Rxh6 33. Kf2 f4 34. Rd1 Bxe3+ 35. Ke2 Bg4+ 36. Ke1 Bxd1 37.
Kxd1 Rh1+ 38. Ke2 Rg1 39. Bxe4 Re8 40. c6 bxc6 41. Bf3 Bc5+ 42. Kd3 cxd5 43. Bxd5 Re5 44. Kc4 Rc1+ 45. Kb3 Rxd5 46. g3 Rd3+ 47. Ka4 Rc4+ 48. b4 Rxb4+ 49. Ka5 Ra3# 0-1

[Event "Late-Titled-Tuesday-Blitz-January-16-2024"]
[Site "Chess.com"]
[Date "2024.01.16"]
[Round "11"]
[White "carloseduar100"]
[Black "DonJuan_34"]
[Result "0-1"]
[WhiteElo "2288"]
[BlackElo "2404"]
[TimeControl "180+1"]
[EndTime "16:06:57 PST"]
[Termination "DonJuan_34 won by resignation"]

1. g3 Nf6 2. Bg2 g6 3. Nf3 Bg7 4. O-O O-O 5. d4 d6 6. c3 Nbd7 7. Nbd2 e5 8. e4 c6 9. Re1 a5 10. Qe2 Re8 11. h4 Qc7 12. Nf1 b6 13. Bg5 h6 14. Bd2 Ba6 15. Qd1 c5 16. dxe5 dxe5 17. Ne3 Rad8 18. Nd5 Nxd5 19. exd5 e4 20. Nh2 Nf6 21. Bf4 Qc8 22. Qc1 Nxd5 23. Bxh6 Bd3 24. Bxg7 Kxg7 25. Qg5 Qf5 26. Qd2 c4 27. a4 Nf6 28.
Qe3 Qc5 29. Qxc5 bxc5 30. Bh3 Rb8 31. Ra2 Rb6 32. g4 Reb8 33. g5 Nd5 34. Bg2 f5 35. gxf6+ Nxf6 36. f3 exf3 37. Bxf3 Rxb2 38. Rxb2 Rxb2 39.
Re7+ Kf8 40. Re5 Rc2 41. Rxc5 Rxc3 42. Rxa5 Ra3 43. Kf2 c3 44. Rc5 c2 45. Rc6 Ke7 46. Ke1 Rxa4 47. Kd2 Bf5 48. Nf1 Rd4+ 49. Kc1 Rxh4 50.
Nd2 Ra4 51. Kb2 g5 52. Be2 g4 53. Bb5 Rb4+ 54. Kc1 Rxb5 55. Rc7+ Nd7 56. Rc3 Rb1+ 57. Nxb1 cxb1=Q+ 58. Kd2 Qb2+ 0-1

[Event "Late-Titled-Tuesday-Blitz-January-16-2024"]
[Site "Chess.com"]
[Date "2024.01.16"]
[Round "11"]
[White "AEMEffi"]
[Black "APOKALIPSA13"]
[Result "1-0"]
[WhiteElo "2365"]
[BlackElo "2183"]
[TimeControl "180+1"]
[EndTime "16:06:57 PST"]
[Termination "AEMEffi won on time"]

1. d4 e5 2. c4 exd4 3. Qxd4 Nc6 4. Qd1 Nf6 5. Nf3 Bc5 6. e3 d6 7. a3 a5 8. Nc3 O-O 9. Be2 Re8 10. O-O Bg4 11. b3 Rb8 12. Bb2 Qe7 13. Nd5 Nxd5 14.
cxd5 Bxf3 15. gxf3 Ne5 16. Kh1 Qh4 17. Rc1 Bb6 18.
f4 Ng6 19. Rc4 f5 20. Qc2 Qh3 21. Rg1 Re7 22. Rg3 Qh6 23. Qxf5 Rf8 24. Qg4 Qh4 25.
Bd3 Qxg4 26. Rxg4 Bc5 27. Bxg6 hxg6 28. Rxg6 b5 29. Rc1 Rff7 30. h4 Kf8 31. Rcg1 b4 32. a4 Bb6 33. R1g5 Bxe3 34. fxe3 Rxe3 35. Bxg7+ Ke8 36.
Re6+ Rxe6 37. dxe6 Rxf4 38. h5 Rf3 39. h6 Rxb3 40.
Rh5 Ke7 41. h7 Ra3 42. h8=Q b3 43. Qf8+ Kxe6 44. Qf6+ Kd7 45. Qf7+ Kc6 46. Bb2 Rxa4 47. Qe8+ 1-0

[Event "Late-Titled-Tuesday-Blitz-January-16-2024"]
[Site "Chess.com"]
[Date "2024.01.16"]
[Round "11"]
[White "scandalgod"]
[Black "AlexLongson"]
[Result "1-0"]
[WhiteElo "2526"]
[BlackElo "2388"]
[TimeControl "180+1"]
[EndTime "16:06:58 PST"]
[Termination "scandalgod won on time"]

1. d4 Nf6 2. c4 g6 3. Nc3 d5 4. Bg5 Bg7 5. Nf3 dxc4 6. e3 c5 7. Bxc4 cxd4 8. Qxd4 Qxd4 9. Nxd4 a6 10. Rc1 O-O 11. O-O Bd7 12. Rfd1 Nc6 13. Bxf6 Bxf6 14. Nd5 Nxd4 15. exd4 Rfd8 16. Bb3 Rac8 17. Rc3 Kf8 18. Nxf6 exf6 19. f3 Ke7 20. Kf2 Be6 21. d5 Bf5 22. g4 Rxc3 23. bxc3 Bc8 24. Ke3 Kd6 25. Kd4 Re8 26. a4 a5 27. Rb1 Re2 28. Bc4 Rd2+ 29. Bd3 Rxh2 30. Rb6+ Ke7 31. c4 h5 32. gxh5 gxh5 33. c5 Rh4+ 34. Ke3 Rxa4 35. d6+ Kd8 36. Rb1 Rb4 37. Rg1 Be6 38. Be4 f5 39. Bd3 f4+ 40. Kd2 Rb2+ 41. Kc3 Rf2 42. Be4 Bc8 43. Rg8+ Kd7 44. Bf5+ Kc6 45. Rxc8+ Kb5 46. d7 Rxf3+ 47.
Kd4 1-0

[Event "Late-Titled-Tuesday-Blitz-January-16-2024"]
[Site "Chess.com"]
[Date "2024.01.16"]
[Round "11"]
[White "MasterofMasters2006"]
[Black "campochess"]
[Result "1-0"]
[WhiteElo "2259"]
[BlackElo "2142"]
[TimeControl "180+1"]
[EndTime "16:06:59 PST"]
[Termination "MasterofMasters2006 won on time"]

1. d4 Nf6 2. c4 e6 3. Nf3 b6 4. g3 Bb7 5. Bg2 Be7 6. O-O O-O 7. Nc3 d6 8. Qc2 Nbd7 9. e4 e5 10. Rd1 Qc8 11. Bg5 h6 12. dxe5 hxg5 13. exf6 Bxf6 14.
Rd2 Re8 15. Nd5 Bd8 16. Nd4 Ne5 17. b3 Qg4 18. Ne3 Qh5 19. h3 Bc8 20. g4 Qg6 21.
Nef5 Qf6 22. Rad1 Ng6 23. Nc6 Nf4 24. Nxd8 Rxd8 25. e5 Bxf5 26. gxf5 Qxe5 27. Bxa8 Nxh3+ 28. Kg2 Nf4+ 29. Kf1 Rxa8 30. Re1 Qf6 31. Qe4 Rf8 32. Qf3 Qh6 33. Rd4 Qh2 34. Re7 Qh4 35. Rxc7 Re8 36. Rxa7 Qh6 37. Ra8 Rxa8 38. Qxa8+ Kh7 39.
Qf3 Qf6 40. Rxf4 gxf4 41. Qxf4 Qa1+ 42. Kg2 Qxa2 43. Qh4+ Kg8 44. Qd8+ Kh7 45. Qxb6 1-0

[Event "Late-Titled-Tuesday-Blitz-January-16-2024"]
[Site "Chess.com"]
[Date "2024.01.16"]
[Round "11"]
[White "Yaacovn"]
[Black "ChessSwole"]
[Result "1-0"]
[WhiteElo "2906"]
[BlackElo "2674"]
[TimeControl "180+1"]
[EndTime "16:07:00 PST"]
[Termination "Yaacovn won by resignation"]

1. d4 d6 2. Nf3 Nf6 3. e3 g6 4. Be2 Bg7 5. O-O O-O 6. b3 c5 7. Bb2 b6 8. c4 cxd4 9. Nxd4 Bb7 10. Bf3 Qc8 11. Nc3 Nc6 12. Ndb5 a6 13. Na3 Ne5 14.
Bxb7 Qxb7 15. Rc1 Rfd8 16. Qe2 d5 17. cxd5 Nxd5 18. Nxd5 Rxd5 19. Bxe5 Bxe5 20. Nc4 Bf6 21. Qf3 Rad8 22. h3 Qb8 23. g3 h5 24. h4 Kg7 25.
Rc2 Rc5 26. Rfc1 Rdc8 27. Qe4 b5 28. Na5 Rxc2 29. Rxc2 Rxc2 30. Qxc2 Qe5 31. Nc6 Qa1+ 32. Kg2 e6 33. Nb4 Bb2 34. Nxa6 Qxa2 35. Nc7 b4 36.
Kh2 Qa1 37. Ne8+ Kf8 38. Qc8 Ke7 39. Nc7 Qf1 40. Qe8+ Kd6 41. Qxf7 Be5 42. Qxe6+ Kxc7 43. Qxe5+ Kd7 44. Qg7+ Kd8 45. Qf8+ Kd7 46. Qf4 Ke6 47.
Qf3 Qd3 48. Qc6+ Kf7 49. Qb7+ Kf6 50. Qxb4 Qc2 51. Qf4+ Kg7 52. b4 Qb3 53. Qd4+ Kh7 54. e4 Kg8 55. e5 g5 56. Qe3 gxh4 57. Qxb3+ 1-0

[Event "Late-Titled-Tuesday-Blitz-January-16-2024"]
[Site "Chess.com"]
[Date "2024.01.16"]
[Round "11"]
[White "xakevicius91"]
[Black "NovakRatko"]
[Result "1-0"]
[WhiteElo "2553"]
[BlackElo "2342"]
[TimeControl "180+1"]
[EndTime "16:07:01 PST"]
[Termination "xakevicius91 won on time"]

1. e4 d5 2. exd5 c6 3. dxc6 Nxc6 4. Nc3 e5 5. Bb5 Bd6 6. Nge2 Ne7 7. O-O Bg4 8. f3 Bh5 9. d3 Qb6+ 10. Kh1 O-O 11. Bc4 Kh8 12. Nd5 Nxd5 13. Bxd5 Ne7 14. Nc3 Nxd5 15.
Nxd5 Qc6 16. Nc3 f5 17. Qe1 b5 18. a3 a5 19. Qf2 Rac8 20. Qh4 Bg6 21. Rf2 b4 22. axb4 axb4 23. Nd1 e4 24. dxe4 fxe4 25. f4 Bc5 26. Be3 Bd6 27. Bd4 e3 28. Nxe3 Qe4 29. c3 bxc3 30. bxc3 Rxf4 31. Rxf4 Qxf4 32. Qxf4 Bxf4 33. Nd5 Bd6 34. Re1 Bf8 35. Nf4 Bf5 36. h3 Kg8 37. g4 Bc2 38. Kg1 Bb3 39. Kf2 Bc5 40. Bxc5 Rxc5 41. Re3 g5 42. Ne2 Ra5 43. Nd4 Ra2+ 44. Ke1 Bc4 45. Nf3 h6 46. Ne5 1-0

[Event "Late-Titled-Tuesday-Blitz-January-16-2024"]
[Site "Chess.com"]
[Date "2024.01.16"]
[Round "11"]
[White "GMJustin"]
[Black "StellarChess"]
[Result "0-1"]
[WhiteElo "2345"]
[BlackElo "2552"]
[TimeControl "180+1"]
[EndTime "16:07:02 PST"]
[Termination "StellarChess won on time"]

1. e4 g6 2. d4 Bg7 3. Nc3 d6 4.
Be3 a6 5. g4 b5 6. h4 h6 7. h5 g5 8. f4 gxf4 9. Bxf4 Bb7 10.
Bg2 Nf6 11. Qe2 b4 12. e5 Nfd7 13. Bxb7 Ra7 14. exd6 cxd6 15. Ne4 O-O 16. Bd5 Bxd4 17. O-O-O Bg7 18. Qe3 e6 19. Qxa7 exd5 20. Nxd6 Qf6 21. Qd4 Qxd4 22. Rxd4 Bxd4 23. Bxh6 Re8 24. Nf3 Be3+ 25.
Bxe3 Rxe3 26. Rf1 Nc6 27. Nf5 Re2 28. g5 Rg2 29. Nh6+ Kg7 30. Nxf7 Nc5 31. g6 Ne4 32. h6+ Kxg6 33. Nh4+ Kh7 34. Nxg2 Nd4 35. Ne3 Ne2+ 36.
Kd1 N2g3 37. Rg1 Kg6 38. Ne5+ Kxh6 39. N5g4+ Kg5 40. Ne5 Kf4 41. Nxd5+ Kxe5 42. Nxb4 a5 43. Nd3+ Kd4 44. b3 Ke3 45. Ne5 Ne2 0-1

[Event "Late-Titled-Tuesday-Blitz-January-16-2024"]
[Site "Chess.com"]
[Date "2024.01.16"]
[Round "11"]
[White "katharinareinecke"]
[Black "tarno17"]
[Result "0-1"]
[WhiteElo "2015"]
[BlackElo "2166"]
[TimeControl "180+1"]
[EndTime "16:07:02 PST"]
[Termination "tarno17 won by resignation"]

1. d4 d5 2. c4 e6 3. Nf3 Nf6 4. g3 Bb4+ 5. Bd2 Be7 6. Bg2 O-O 7. O-O c5 8. cxd5 Nxd5 9. e4 Nf6 10. e5 Nd5 11. Nc3 Nc6 12. dxc5 Bxc5 13. a3 a6 14. Rc1 Ba7 15. Ne4 Nd4 16. Nd6 Rb8 17. Bg5 Qb6 18.
Nxd4 Qxd4 19. Qxd4 Bxd4 20. Bxd5 exd5 21. Be7 Bh3 22.
Rfe1 Bxb2 23. Rb1 Bc3 24. Re3 d4 25. Re4 Rfe8 26. Nxe8 Rxe8 27. Bc5 Bf5 28. Ree1 Bxb1 29. Rxb1 Rxe5 30. Bd6 Rb5 31. Rxb5 axb5 32. Kf1 f6 33.
Ke2 Kf7 34. Kd3 Ke6 35. Bc5 Kd5 36. Bf8 g6 37. Bg7 f5 38. h4 Bb2 39. Bf8 Bc3 40.
Be7 Be1 41. Bf6 Bxf2 42. g4 fxg4 43. Bg5 g3 0-1

[Event "Late-Titled-Tuesday-Blitz-January-16-2024"]
[Site "Chess.com"]
[Date "2024.01.16"]
[Round "11"]
[White "maximnovik"]
[Black "mbojan"]
[Result "0-1"]
[WhiteElo "2576"]
[BlackElo "2868"]
[TimeControl "180+1"]
[EndTime "16:07:03 PST"]
[Termination "mbojan won by checkmate"]

1. e4 a6 2. d4 e6 3. Nf3 d5 4. e5 c5 5. c3 Bd7 6. Be2 cxd4 7.
cxd4 Bb5 8. Nc3 Bb4 9. O-O Bxc3 10. Bxb5+ axb5 11. bxc3 Nc6 12. Qd3 Ra5 13. Rb1 Qb6 14.
a4 Rxa4 15. Rxb5 Qa6 16. Qb1 Na5 17. Rb6 Qc4 18. Rxb7 Nxb7 19. Qxb7 Ne7 20. Bg5 Nc8 21. Nd2 Qa6 22. Qb1 O-O 23. Qd1 Nb6 24. Qg4 Kh8 25. Nf3 Ra1 26. Nd2 Rxf1+ 27. Nxf1 Qd3 28. h4 Nc4 29. Ng3 h6 30. Be7 Re8 31. Bc5 Nd2 32.
Qf4 Kg8 33. Kh2 Nf1+ 34. Nxf1 Qxf1 35. Qg3 Qb1 36. Bb4 Qf5 37. f3 Ra8 38. Qg4 Qb1 39.
h5 Ra1 40. Qh4 Qf5 41. Qg4 Qb1 42. Be7 Qg1+ 43. Kg3 Qe1+ 44. Kh2 Qg1+ 45. Kg3 Ra2 46. Kh3 Qh1+ 47. Kg3 Rxg2+ 48. Kf4 Qc1# 0-1

[Event "Late-Titled-Tuesday-Blitz-January-16-2024"]
[Site "Chess.com"]
[Date "2024.01.16"]
[Round "11"]
[White "Grischuk"]
[Black "rasmussvane"]
[Result "1-0"]
[WhiteElo "3080"]
[BlackElo "2983"]
[TimeControl "180+1"]
[EndTime "16:07:07 PST"]
[Termination "Grischuk won on time"]

1. d4 d5 2. c4 e6 3. Nc3 h6 4. cxd5 exd5 5. Bf4 c6 6. e3 Bd6 7. Bxd6 Qxd6 8. Bd3 Nf6 9. Nge2 O-O 10. f3 c5 11.
Qd2 Nc6 12. O-O cxd4 13. exd4 Re8 14. Rac1 Be6 15. a3 Rac8 16. Nb5 Qd7 17. Qf4 Red8 18. g4 a6 19. Nbc3 Ne7 20. Kh1 Ng6 21. Qg3 Qd6 22.
Qxd6 Rxd6 23. Kg2 Bd7 24. Bxg6 fxg6 25. h4 Rb6 26. Rc2 Bb5 27. Rf2 g5 28. hxg5 hxg5 29. Ng1 Bd3 30. Rcd2 Bc4 31. Nh3 Nh7 32. Na4 Re6 33.
Nc5 Re7 34. b3 Bb5 35. a4 Bc6 36. Nd3 Be8 37. Rfe2 Rxe2+ 38. Rxe2 Kf8 39. Nc5 Bf7 40. a5 Rc7 41. Re5 Rc6 42. Nxg5 Nxg5 43. Rxg5 g6 44. Re5 Kg7 45. Nxb7 Rc3 46. Nc5 1-0

[Event "Late-Titled-Tuesday-Blitz-January-16-2024"]
[Site "Chess.com"]
[Date "2024.01.16"]
[Round "11"]
[White "Hrant_ChessMood"]
[Black "Polish_fighter3000"]
[Result "0-1"]
[WhiteElo "2907"]
[BlackElo "3097"]
[TimeControl "180+1"]
[EndTime "16:07:09 PST"]
[Termination "Polish_fighter3000 won on time"]

1. Nf3 Nf6 2. c4 g6 3. Nc3 Bg7 4. e4 d6 5. d4 O-O 6. Be2 Re8 7. O-O Nc6 8. d5 Nb4 9. h3 e6 10. a3 Na6 11. Be3 exd5 12. exd5 Rxe3 13. fxe3 Qe7 14.
Nd4 Qxe3+ 15. Kh1 Nc5 16. Rf3 Qe7 17. Bd3 Ng4 18. Bf1 Ne3 19. Qd2 Bxd4 20. Qxd4 Nc2 21. Qd1 Nxa1 22. Qxa1 a5 23. Qc1 Bd7 24. Qf4 a4 25.
Re3 Qf8 26. Bd3 Re8 27. Bc2 Re7 28. Kg1 Qe8 29. Rxe7 Qxe7 30. Kf2 Kg7 31. h4 Qf6 32. Qxf6+ Kxf6 33. Ke3 Ke5 34. g3 f5 35. Ne2 h6 36.
Nd4 g5 37. Nf3+ Kf6 38. hxg5+ hxg5 39. Nd4 c6 40. dxc6 bxc6 41. Ne2 Ke5 42. Nc3 f4+ 43.
gxf4+ gxf4+ 44. Kd2 Nb3+ 45. Ke1 c5 46. Bxb3 axb3 47.
Nb1 Kd4 48. Nd2 Ke3 49. Nf1+ Kd3 50. Nd2 Kc2 0-1

[Event "Late-Titled-Tuesday-Blitz-January-16-2024"]
[Site "Chess.com"]
[Date "2024.01.16"]
[Round "11"]
[White "protectiago"]
[Black "Doudou2015"]
[Result "0-1"]
[WhiteElo "2061"]
[BlackElo "2218"]
[TimeControl "180+1"]
[EndTime "16:07:10 PST"]
[Termination "Doudou2015 won by checkmate"]

1. d4 d5 2. c4 e5 3. dxe5 d4 4. Nf3 Nc6 5. Bf4 Bg4 6. Nbd2 Qd7 7. g3 O-O-O 8. Bg2 h5 9. O-O Bh3 10. Bxh3 Qxh3 11. Ng5 Qd7 12. Ndf3 Nh6 13. e3 d3 14.
b4 Bxb4 15. Qb3 b6 16. a3 Ba5 17. c5 d2 18. Rfd1 Qd3 19. Qa4 b5 20. Qe4 Qxe4 21.
Nxe4 Rhe8 22. Nexd2 Ng4 23. Nb3 Bc3 24. Rac1 Bb2 25.
Rxd8+ Rxd8 26. Rb1 Bxa3 27. Nbd4 Nxd4 28. Nxd4 b4 29.
Nc6 Rd2 30. f3 Nxh2 31. e4 Nxf3+ 32. Kf1 Rh2 33. Rxb4 Bxb4 34. Nxb4 Nd2+ 35. Ke1 Nxe4 36. c6 a5 37. Na6 a4 38. e6 fxe6 39. Bxc7 a3 40. Be5 a2 41. Nb4 Nc5 42. c7 Kb7 43.
Nc6 Nd3+ 44. Kf1 Nxe5 45. c8=Q+ Kxc8 46. Ne7+ Kd7 47. Nc6 a1=Q# 0-1

[Event "Late-Titled-Tuesday-Blitz-January-16-2024"]
[Site "Chess.com"]
[Date "2024.01.16"]
[Round "11"]
[White "Kostukov_Alex"]
[Black "Navyblue1"]
[Result "1-0"]
[WhiteElo "2294"]
[BlackElo "2170"]
[TimeControl "180+1"]
[EndTime "16:07:12 PST"]
[Termination "Kostukov_Alex won by resignation"]

1. g3 d5 2. Bg2 e5 3. c4 d4 4. d3 c5 5. Nf3 Nc6 6. O-O Be7 7. e3 Nf6 8. exd4 cxd4 9. Re1 Qc7 10. Na3 a6 11. Nc2 O-O 12. Rb1 b5 13. cxb5 axb5 14. Nxe5 Nxe5 15. Bxa8 Bg4 16. f3 Be6 17. Bf4 Bd6 18.
Be4 Bxa2 19. Rc1 Qb6 20. Bxe5 Bxe5 21. Bxh7+ Nxh7 22. Rxe5 Nf6 23. Nb4 Be6 24. Nc6 g6 25. Ne7+ Kg7 26. Qe1 Qd6 27. Nc6 Rc8 28. Rec5 Nd5 29. b4 Ne3 30. Kf2 Nd5 31. Nxd4 Rxc5 32. bxc5 Qd7 33. Nxe6+ fxe6 34. Qe5+ Kf7 35. h4 Qc6 36. d4 Nf6 37. Qd6 Qxd6 38. cxd6 Ke8 39. Rc7 Kd8 40. Rb7 Nd5 41. Rxb5 Kd7 42. Rxd5 exd5 43.
g4 Kxd6 44. h5 gxh5 45. gxh5 Ke6 46. Kg3 Kf5 47. Kh4 Kf4 48. h6 Kxf3 49. h7 Ke4 50. h8=Q Kd3 51. Qe5 Kc4 52. Kg5 1-0

[Event "Late-Titled-Tuesday-Blitz-January-16-2024"]
[Site "Chess.com"]
[Date "2024.01.16"]
[Round "11"]
[White "jefferyx"]
[Black "GoltsevDmitry2000"]
[Result "1-0"]
[WhiteElo "3012"]
[BlackElo "2776"]
[TimeControl "180+1"]
[EndTime "16:07:15 PST"]
[Termination "jefferyx won by checkmate"]

1. d4 e6 2. e4 d5 3. e5 c5 4. c3 Nc6 5. Nf3 cxd4 6. cxd4 Nge7 7. Bd3 Nf5 8. Bxf5 exf5 9. Nc3 Be6 10. Ne2 Be7 11.
h4 Qb6 12. a3 Rc8 13. b4 a5 14. bxa5 Nxa5 15. Bg5 Qb3 16. Qxb3 Nxb3 17. Rb1 Na5 18.
Bxe7 Kxe7 19. O-O Rc7 20. Nf4 Nc4 21. a4 h6 22. Rb5 Rd7 23. h5 Ra8 24. Ra1 b6 25. Ne1 Ra5 26. Nc2 Rda7 27. Rxa5 Rxa5 28. Nb4 Kd7 29. Ra2 Kc7 30. f3 Kb7 31. Kf2 Kc7 32. Ke2 Kd7 33. Kd3 Kc8 34. Nc6 Rxa4 35.
Rxa4 Nb2+ 36. Kc2 Nxa4 37. Ne7+ Kd7 38. Nexd5 b5 39. Nxe6 fxe6 40. Nf4 Nb6 41. Kb3 Nc8 42. Kb4 Ne7 43. Kxb5 Nc8 44. Kc5 Ne7 45. d5 exd5 46. e6+ Ke8 47. Nxd5 Ng8 48. Kd6 g5 49. hxg6 h5 50.
g7 h4 51. f4 Kd8 52. e7+ Ke8 53. Nc7+ Kf7 54. e8=Q+ Kxg7 55. Ne6+ Kf6 56. Qxg8 h3 57. Qg7# 1-0

[Event "Late-Titled-Tuesday-Blitz-January-16-2024"]
[Site "Chess.com"]
[Date "2024.01.16"]
[Round "11"]
[White "IgorBjelobrk"]
[Black "Elsa167"]
[Result "1-0"]
[WhiteElo "2654"]
[BlackElo "2833"]
[TimeControl "180+1"]
[EndTime "16:07:18 PST"]
[Termination "IgorBjelobrk won on time"]

1. d4 e6 2. e4 d5 3. exd5 exd5 4. Bf4 Bd6 5. Qd2 Nf6 6. Nc3 O-O 7. O-O-O Re8 8. f3 c6 9. Nge2 b5 10. g4 a5 11. Bxd6 Qxd6 12. Qf4 Qd8 13. Ng3 a4 14. g5 Nfd7 15. Nf5 Nb6 16. Nd6 Re7 17. Bd3 b4 18. Ne2 b3 19. a3 bxc2 20. Rde1 Ba6 21. Bxa6 Nxa6 22. Ng3 g6 23. h4 Nc7 24. h5 Rxe1+ 25.
Rxe1 Qd7 26. Qf6 Ne8 27. Rxe8+ Rxe8 28. h6 Re1+ 29. Kxc2 Kf8 30. Qh8+ Ke7 31. Qf6+ Kf8 32. Ngf5 gxf5 33. Qh8+ Ke7 34. Qf6+ Kf8 35. Nxf5 Qxf5+ 36.
Qxf5 Nc4 37. Qxh7 Re2+ 38. Kc1 Re1+ 39. Kc2 Re2+ 40. Kd1 Rf2 41. Qh8+ Ke7 42. Qf6+ Ke8 43. Ke1 Rh2 44. Qxc6+ Ke7 45. Qxd5 Rh1+ 46. Ke2 Nd6 47.
Qe5+ Kd7 48. d5 Rh3 49. Kf2 Rh5 50. Kg2 Ne8 51. Qf5+ Ke7 52. Qg4 1-0

[Event "Late-Titled-Tuesday-Blitz-January-16-2024"]
[Site "Chess.com"]
[Date "2024.01.16"]
[Round "11"]
[White "sansanathalia"]
[Black "ShahMatKanal"]
[Result "1-0"]
[WhiteElo "2391"]
[BlackElo "2506"]
[TimeControl "180+1"]
[EndTime "16:07:22 PST"]
[Termination "sansanathalia won by resignation"]

1. d4 e5 2. e4 exd4 3. Qxd4 Nc6 4. Qe3 g6 5. Nc3 d6 6. Bd2 Be6 7. O-O-O Qd7 8. f4 Bg7 9. f5 a6 10. fxe6 fxe6 11. Nf3 Nh6 12. g3 O-O 13. Bh3 Rae8 14. Rhf1 Nf7 15. Rde1 b5 16. Ne2 d5 17. exd5 Qxd5 18. Kb1 Nd6 19. Nf4 Rxf4 20. gxf4 Nc4 21. Bxe6+ Rxe6 22. Qxe6+ Qxe6 23. Rxe6 Nd4 24. Re8+ Kf7 25.
Rfe1 Nxf3 26. R1e7+ Kf6 27. Bc3+ Kf5 28. Rf7+ Kg4 29.
Rxg7 Kxf4 30. Rxc7 Nxh2 31. Rxc4+ bxc4 32. Be5+ Kf3 33. Bxh2 h5 34. Rg8 Kg2 35. Rxg6+ Kxh2 36. Rh6 Kg3 37. Rxh5 Kg4 38. Ra5 Kf4 39. Rxa6 Ke4 40. Rc6 Kd4 41. c3+ Kd5 42. Rc8 Kd6 43. Kc2 Kd5 44. Kd2 Kd6 45. Rxc4 Kd5 46. Rd4+ Kc5 47. b4+ Kb5 48. Rd5+ Kc6 49. c4 Kb6 50. c5+ Kb5 51.
Rd6 Ka4 52. c6 Kb5 53. c7 Ka4 54. c8=Q Ka3 55. Qc3+ Ka4 56. Ra6+ Kb5 57. Ra5+ Kb6 58. Qc5+ Kb7 59. Ra7+ 1-0

[Event "Late-Titled-Tuesday-Blitz-January-16-2024"]
[Site "Chess.com"]
[Date "2024.01.16"]
[Round "11"]
[White "mortngabriel"]
[Black "Smile2005"]
[Result "1-0"]
[WhiteElo "2516"]
[BlackElo "2361"]
[TimeControl "180+1"]
[EndTime "16:07:22 PST"]
[Termination "mortngabriel won on time"]

1. e4 c5 2. Nf3 e6 3. d4 cxd4 4. Nxd4 a6 5. Bd3 b5 6. O-O Bb7 7. a4 b4 8. a5 Nc6 9. Nxc6 Bxc6 10. Qe2 Bc5 11. Nd2 Nf6 12. Nb3 Ba7 13. e5 Nd5 14.
Bxa6 O-O 15. Bd3 g6 16. Bh6 Qh4 17. Qd2 f6 18. g3 Nf4 19. Qxf4 Qh3 20. Be4 fxe5 21.
Qh4 Qxh4 22. gxh4 Bxe4 23. Bxf8 Rxf8 24. Nd2 Bc6 25. h3 Rf4 26. Rae1 Rxh4 27. Kh2 Rd4 28. Nb3 Rc4 29. Re2 e4 30. Rd1 Bb8+ 31. Kg1 e3 32. Rxe3 Rxc2 33. Nd4 Rxb2 34. Nxc6 Bf4 35. Rxd7 Bxe3 36.
fxe3 Ra2 37. Rb7 Rc2 38. a6 Rxc6 39. a7 Rc1+ 40. Kg2 Ra1 41. Rb8+ Kg7 42. a8=Q Rd1 43. Rb7+ Kh6 44. Rxb4 Rd2+ 45. Kf3 Kg5 46. Qe4 e5 47. Qxe5+ 1-0

[Event "Late-Titled-Tuesday-Blitz-January-16-2024"]
[Site "Chess.com"]
[Date "2024.01.16"]
[Round "11"]
[White "aghasiyevkamal"]
[Black "enriquetejedor"]
[Result "1-0"]
[WhiteElo "2639"]
[BlackElo "2738"]
[TimeControl "180+1"]
[EndTime "16:07:24 PST"]
[Termination "aghasiyevkamal won by checkmate"]

1. e4 d6 2. d4 e5 3. Nf3 Qe7 4. Nc3 c6 5. a4 a5 6. h3 Na6 7. Bc4 h6 8. Be3 Nf6 9. Qe2 g6 10. O-O Bg7 11. dxe5 dxe5 12. Ne1 O-O 13. Nd3 b6 14.
Bxb6 Nd7 15. Bxa5 Kh7 16. Qe3 Nf6 17. Bxa6 Bxa6 18. Bb4 Qc7 19. Bxf8 Rxf8 20. Rfd1 Nh5 21.
Nc5 Bc8 22. a5 f5 23. a6 f4 24. Qf3 Qa7 25. Nb7 Nf6 26. Qd3 g5 27. Qc4 g4 28.
Qc5 Qb8 29. hxg4 f3 30. a7 Qa8 31. Nd6 Bxg4 32. g3 Rd8 33. Ra6 Rxd6 34. Qxd6 Qe8 35. a8=Q Qh5 36. Qd3 Bh3 37. Ra7 Bg2 38. Rxg7+ Kxg7 39. Qd7+ Nxd7 40. Rxd7+ Kf6 41. Qf8+ Kg5 42. Rg7+ Qg6 43.
Rxg6+ Kxg6 44. Qg8+ Kf6 45. Nd1 Bh3 46. Ne3 Be6 47. Qf8+ Kg6 48. Qxf3 h5 49. Nf5 Bc4 50. Nh4+ Kh6 51. Qf6+ Kh7 52. Nf5 Kg8 53. Qg7# 1-0

[Event "Late-Titled-Tuesday-Blitz-January-16-2024"]
[Site "Chess.com"]
[Date "2024.01.16"]
[Round "11"]
[White "Gryffindorac8"]
[Black "Sic_Transit_GM"]
[Result "1-0"]
[WhiteElo "2426"]
[BlackElo "2657"]
[TimeControl "180+1"]
[EndTime "16:07:29 PST"]
[Termination "Gryffindorac8 won by resignation"]

1. d4 Nf6 2. c4 g6 3. Nc3 Bg7 4. e4 O-O 5. Nf3 d6 6. h3 a6 7. Be3 Nbd7 8. Be2 c5 9. d5 b5 10. cxb5 axb5 11. Bxb5 Nxe4 12. Nxe4 Qa5+ 13. Bd2 Qxb5 14. Bc3 Ba6 15. Bxg7 Kxg7 16. Qd2 Nf6 17. Nc3 Qc4 18. b3 Qb4 19. Ng1 e6 20. dxe6 Rfe8 21. O-O-O Rxe6 22. Nf3 c4 23. Nd4 cxb3 24. Nxe6+ fxe6 25. Kb2 bxa2+ 26. Ka1 d5 27. Rhe1 Rc8 28.
Rc1 Rc6 29. Qb2 Qd6 30. Rcd1 Bc4 31. Ne4 dxe4 32. Rxd6 Rxd6 33. g4 g5 34. Qe5 Rd5 35. Qc7+ Kg6 36. Qxc4 Rd2 37. Rxe4 Rxf2 38. Rxe6 h6 39.
Qd3+ Kf7 40. Ra6 Rf1+ 41. Kxa2 Rf2+ 42. Kb3 Rf4 43. Ra7+ Ke6 44. Qe3+ Ne4 45. Ra6+ Kd5 46. Qd3+ Ke5 47. Ra5+ Ke6 48. Qa6+ Nd6 49. Rf5 Re4 50. Rf6+ Kxf6 51. Qxd6+ Re6 52. Qf8+ Kg6 53. Qg8+ Kf6 54. Kc4 Re4+ 55. Kd3 Rf4 56. Ke3 h5 57. Qh8+ Ke6 58. Qxh5 Kf6 59. Qh6+ Kf7 60. Qxg5 Rf1 61. Qf5+ Rxf5 62. gxf5 Kf6 63. Kf4 Kf7 64. Kg5 Kg7 65. f6+ Kf7 66. Kf5 Kf8 67. Kg6 Kg8 68. f7+ Kf8 69. h4 Ke7 70. Kg7 1-0

[Event "Late-Titled-Tuesday-Blitz-January-16-2024"]
[Site "Chess.com"]
[Date "2024.01.16"]
[Round "11"]
[White "AntonSmirnov"]
[Black "dropstoneDP"]
[Result "0-1"]
[WhiteElo "2962"]
[BlackElo "3024"]
[TimeControl "180+1"]
[EndTime "16:07:30 PST"]
[Termination "dropstoneDP won by resignation"]

1. e4 e5 2. Nf3 Nf6 3. Nxe5 d6 4.
Nf3 Nxe4 5. Nc3 Nxc3 6. dxc3 Be7 7. Bf4 O-O 8. Qd2 Nd7 9. O-O-O Re8 10. h4 h6 11. Bc4 Nb6 12. Bd3 Bf8 13. Rde1 Bg4 14.
Rxe8 Qxe8 15. Nd4 c5 16. Nb5 c4 17. Nc7 Qa4 18. Nxa8 Qxa2 19. Qe1 Na4 20. Kd2 cxd3 21. Qb1 Qc4 22. Be3 Qc6 23. cxd3 b5 24. f3 Be6 25.
Bxa7 Qxa8 26. Bd4 Nc5 27. Ke2 Nxd3 28. Rd1 Nf4+ 29. Kf2 Qd8 30. g3 Nd5 31. Qe4 Qc8 32.
Re1 b4 33. cxb4 Nxb4 34. Bc3 Qc5+ 35. Kg2 Nd5 36. Bd4 Qb5 37. Qe2 Qb4 38. Rd1 Qb3 39.
Qd2 Ne7 40. Rc1 Nf5 41. Bf2 Qb7 42. g4 Ne7 43. Kg3 d5 44. b4 Ng6 45. Bc5 Qb8+ 46. f4 Ne7 47. Qe3 h5 48. Rf1 hxg4 49.
Qd3 Nf5+ 50. Kh2 d4 51. Bxf8 Qxf8 52. b5 Qe7 53. Kg1 Qxh4 54. b6 Ne3 55. Rf2 Qg3+ 56.
Kh1 Bd5+ 0-1